 Dungeon Crawl Stone Soup version 0.31-a0-233-g139696dc86 (webtiles) character file.

Game seed: 9989212893668807742

529 qw the Shooter (level 7, -7/59 HPs)
             Began as a Minotaur Hexslinger on July 7, 2023.
             Was an Initiate of Okawaru.
             Mangled by Duvessa
             ... wielding a +0 rapier
              (13 damage)
             ... on level 5 of the Dungeon.
             The game lasted 00:01:42 (4039 turns).

qw the Shooter (Minotaur Hexslinger)                Turns: 4039, Time: 00:01:43

Health: -7/59      AC:  7    Str: 12    XL:     7   Next: 3%
Magic:  7/7        EV: 12    Int: 10    God:    Okawaru [......]
Gold:   304        SH:  0    Dex: 15    Spells: 7/8 levels left

rFire   + . .        Y - +0 sling (drain)
rCold   . . .        (no shield)
rNeg    + . .        a - +2 animal skin
rPois   .            (helmet restricted)
rElec   .            k - +1 cloak
rCorr   .            (no gloves)
SInv    .            e - +0 pair of boots
Will    +++..        d - amulet of the Four Winds {rN+ Will+++ Clar}
Stlth   +            b - ring of protection from fire
HPRegen 0.29/turn    (no ring)
MPRegen 0.10/turn

%: clarity
@: no status effects
A: horns 2, retaliatory headbutt
a: Renounce Religion


You were on level 5 of the Dungeon.
You worshipped Okawaru.
Okawaru was noncommittal.
You visited 1 branch of the dungeon, and saw 5 of its levels.

You collected 304 gold pieces.


Innate Abilities, Weirdness & Mutations

You have a pair of horns on your head.
You reflexively headbutt those who attack you in melee.


   Skills:
 - Level 4.1 Fighting
 + Level 7.4 Ranged Weapons
 - Level 1.0 Armour
 - Level 2.1 Dodging
 - Level 1.0 Spellcasting
 - Level 2.0 Hexes


You had 7 spell levels left.
You knew the following spells:

 Your Spells              Type           Power      Damage    Failure   Level
a - Slow                  Hex            16%        N/A       16%         1

Your spell library contained the following spells:

 Spells                   Type           Power      Damage    Failure   Level
 Inner Flame              Hex/Fire       2%         N/A       56%         3
 Portal Projectile        Hex/Tloc       4%         N/A       56%         3
 Cause Fear               Hex            2%         N/A       83%         4

Inventory:

Hand Weapons
 c - a +2 sling
 Y - a +0 sling of draining (weapon)
Armour
 a - a +2 animal skin (worn)
 e - a +0 pair of boots (worn)
 k - a +1 cloak (worn)
Jewellery
 b - a ring of protection from fire (left hand)
 d - the amulet of the Four Winds (around neck) {rN+ Will+++ Clar}
   (You found it on level 3 of the Dungeon)

   [amulet of nothing]

   rN:        It protects you from negative energy.
   Clar:      It protects you from confusion, rage, mesmerisation and fear.
   Will:      It greatly increases your willpower.
Scrolls
 f - a scroll of identify
 g - a scroll of enchant armour {unknown}
 h - a scroll of blinking {unknown}
Potions
 j - a potion of mutation {unknown}
 l - a potion of curing
 m - a potion of might {unknown}

Dungeon Overview and Level Annotations

Branches:
Dungeon (5/15)
 Temple: D:4-7

Altars:
Okawaru

Annotations:
D:5 Duvessa


Message History

You drain Dowan.
Dowan is severely wounded.
Dowan gestures at Duvessa while chanting.
Duvessa seems to speed up.
You shoot a sling bullet. The sling bullet hits Dowan!
You kill Dowan!
Okawaru accepts your kill.
Duvessa screams, "No!
How DARE you!"
Duvessa goes berserk!
You have reached level 7!
You shoot a sling bullet.
The sling bullet closely misses Duvessa.
Duvessa barely misses you. You furiously retaliate!
You headbutt Duvessa. You shoot a sling bullet.
The sling bullet hits Duvessa but does no damage.
Duvessa is lightly wounded.
Duvessa hits you with a +0 rapier!
You shoot a sling bullet.
The sling bullet hits Duvessa but does no damage.
You drain Duvessa.
Duvessa is lightly wounded.
Duvessa barely misses you. You furiously retaliate!
You headbutt Duvessa! Duvessa hits you but does no damage.
You shoot a sling bullet. The sling bullet hits Duvessa.
Duvessa is moderately wounded.
Duvessa hits you with a +0 rapier!
You shoot a sling bullet. The sling bullet hits Duvessa.
Duvessa is moderately wounded.
Duvessa hits you with a +0 rapier! x2
You shoot a sling bullet. The sling bullet hits Duvessa.
Duvessa is heavily wounded.
Duvessa misses you. Duvessa closely misses you.
You shoot a sling bullet.
The sling bullet hits Duvessa but does no damage.
Duvessa is heavily wounded.
Duvessa barely misses you.
You shoot a sling bullet. The sling bullet hits Duvessa.
You drain Duvessa.
Duvessa is heavily wounded.
Duvessa hits you with a +0 rapier! x2
You die...

.....####### #...
.........#####.##
####.#####.........
#...........######[
...###..###### ##
##.)## ##..#
..#########...# #
.....)e@....### #
..########### #
#### #... ###.##
#...# ##.###
####..# ##....##


You could see Duvessa (berserk, fast, very drained).

Vanquished Creatures
  Blork the orc (D:4)
  2 scorpions (D:4)
  Dowan (D:5)
  A sleepcap (D:5)
  An iguana (D:5)
  Ijyb (D:5)
  Terence (D:2)
  Robin (D:2)
  6 adders
  4 gnolls (D:3)
  3 dart slugs
  An orc (D:4)
  6 bats
  7 endoplasms
  4 giant cockroaches (D:1)
  14 goblins
  12 hobgoblins
  7 kobolds
  3 quokkas
  8 ball pythons
  3 frilled lizards
  7 rats
94 creatures vanquished.

Notes
Turn   | Place    | Note
-------+----------+-------------------------------------------
     0 | D:1      | qw the Minotaur Hexslinger began the quest for the Orb.
     0 | D:1      | Reached XP level 1. HP: 16/16 MP: 1/1
     0 | D:1      | 0 ||| qw: Version: 0.3-a-46-gb1f654a
     0 | D:1      | 0 ||| qw: Game counter: 3119
     0 | D:1      | 0 ||| qw: Melee chars always use a shield: true
     0 | D:1      | 0 ||| qw: God list: Okawaru
     0 | D:1      | 0 ||| qw: Allow faded altars: false
     0 | D:1      | 0 ||| qw: Do Orc after clearing Dungeon:15 true
     0 | D:1      | 0 ||| qw: Do second Lair branch before Depths: true
     0 | D:1      | 0 ||| qw: Lair rune preference: random
     0 | D:1      | 0 ||| qw: Goals: Normal
     0 | D:1      | 0 ||| PLANNING D:1-11
    83 | D:1      | Reached skill level 3 in Ranged Weapons
    85 | D:1      | Reached XP level 2. HP: 8/23 MP: 2/2
   673 | D:1      | Reached XP level 3. HP: 29/29 MP: 3/3
   906 | D:1      | 906 ||| UPGRADING to +0 pair of boots.
   911 | D:1      | 911 ||| UPGRADING to +0 ring mail.
   921 | D:1      | 921 ||| DROPPING +0 robe.
   922 | D:1      | 922 ||| DROPPING ring of flight.
   923 | D:1      | 923 ||| READING 2 scrolls labelled DEVVOG KETHUFU.
   924 | D:1      | 924 ||| READING scroll labelled POZAOCW HUEGI.
   925 | D:1      | 925 ||| READING scroll labelled NIDOWOHIPH.
   926 | D:1      | 926 ||| READING scroll labelled LAS ITIGENABBI.
   927 | D:1      | 927 ||| READING scroll labelled NOWENT JEFONAH.
   928 | D:1      | 928 ||| DROPPING scroll of noise.
   929 | D:1      | 929 ||| DROPPING scroll of poison.
  1003 | D:2      | Noticed Robin
  1007 | D:2      | 1007 ||| STAIRDANCE
  1069 | D:2      | 1069 ||| STAIRDANCE
  1091 | D:2      | Reached skill level 4 in Ranged Weapons
  1094 | D:2      | 1094 ||| STAIRDANCE
  1110 | D:2      | 1110 ||| STAIRDANCE
  1132 | D:2      | 1132 ||| STAIRDANCE
  1141 | D:1      | Reached skill level 1 in Armour
  1202 | D:2      | 1202 ||| STAIRDANCE
  1226 | D:2      | Killed Robin
  1333 | D:2      | Reached XP level 4. HP: 36/36 MP: 4/4
  1708 | D:2      | Noticed Terence
  1720 | D:2      | Killed Terence
  1834 | D:2      | 1834 ||| UPGRADING to +2 animal skin.
  1844 | D:2      | 1844 ||| DROPPING +0 ring mail.
  1845 | D:2      | 1845 ||| UPGRADING to +0 cloak.
  1850 | D:2      | 1850 ||| UPGRADING to ring of protection from fire.
  1851 | D:2      | 1851 ||| DROPPING ring of wizardry.
  1852 | D:2      | 1852 ||| READING scroll labelled DICEICSATUR.
  1853 | D:2      | 1853 ||| DRINKING 2 bubbling puce potions.
  1920 | D:3      | Found an iron altar of Okawaru.
  1921 | D:3      | 1921 ||| PLANNING OKAWARU WORSHIP
  1924 | D:3      | Became a worshipper of Warmaster Okawaru
  1925 | D:3      | 1925 ||| PLANNING D:1-11
  1965 | D:3      | Reached skill level 5 in Ranged Weapons
  2022 | D:3      | 2022 ||| DRINKING 2 blue potions.
  2023 | D:3      | 2023 ||| DROPPING potion of attraction.
  2146 | D:3      | Reached XP level 5. HP: 35/42 MP: 5/5
  2308 | D:3      | Found the amulet of the Four Winds {rN+ Will+++ Clar}
  2351 | D:3      | Reached skill level 3 in Fighting
  2930 | D:3      | 2930 ||| UPGRADING to amulet of the Four Winds {rN+ Will+++
                  | Clar}.
  2935 | D:3      | 2935 ||| READING scroll labelled TUANLA WOAKH.
  2983 | D:4      | Reached skill level 6 in Ranged Weapons
  3056 | D:4      | Reached XP level 6. HP: 48/52 MP: 6/6
  3216 | D:4      | 3216 ||| SWAPPING to +0 sling of draining.
  3237 | D:4      | Noticed Blork the orc
  3250 | D:4      | HP: 13/52 [Blork the orc/+0 scimitar (9)]
  3251 | D:4      | HP: 3/52 [Blork the orc/+0 scimitar (10)]
  3252 | D:4      | Killed Blork the orc
  3778 | D:4      | 3778 ||| UPGRADING to +1 cloak.
  3788 | D:4      | 3788 ||| DROPPING +0 cloak.
  3789 | D:4      | 3789 ||| READING scroll labelled YTIGGYUJYA.
  3790 | D:4      | 3790 ||| READING scroll labelled ODOMOU METS.
  3791 | D:4      | 3791 ||| READING 2 scrolls of identify.
  3791 | D:4      | 3791 ||| IDENTIFYING cyan potion
  3792 | D:4      | 3792 ||| DROPPING potion of degeneration.
  3817 | D:5      | Entered Level 5 of the Dungeon
  3912 | D:5      | Reached skill level 7 in Ranged Weapons
  3975 | D:5      | Noticed Ijyb
  3983 | D:5      | Killed Ijyb
  4025 | D:5      | Noticed Dowan
  4027 | D:5      | Noticed Duvessa
  4031 | D:5      | Killed Dowan
  4032 | D:5      | Reached XP level 7. HP: 59/59 MP: 7/7
  4039 | D:5      | HP: 6/59 [Duvessa/+0 rapier (10)]
  4039 | D:5      | Mangled by Duvessa

Levels and vault maps discovered:
D:1:      dpeg_arrival_prison, layout_basic
D:2:      layout_basic, uniq_terence, uniq_robin
D:3:      layout_basic, mainiacjoe_overflow_alcove_4, minmay_crystal_water,
          minmay_misc_feat_x, minmay_puff
D:4:      layout_loops_ring, serial_glass, glass_columns_a, glass_columns_a,
          uniq_blork_the_orc
D:5:      layout_rooms, uniq_duvessa, uniq_ijyb

Skill      XL: |  1  2  3  4  5  6 |
---------------+-------------------+-----
Ranged Weapons | 3 4 5 6 7 |  7.4
Fighting       | 2 3 4 |  4.1
Armour         | 1 |  1.0
Dodging        | |  2.1
Spellcasting   | |  1.0
Hexes          | |  2.0

Action                     |  1- 3 |  4- 6 |  7- 9 || total
---------------------------+-------+-------+-------++-------
   Fire: Sling             |   111 |   207 |     8 ||   326
    Use: Scroll            |     5 |     5 |       ||    10
         Potion            |       |     2 |       ||     2
 Armour: Robe              |    10 |       |       ||    10
         Ring mail         |    26 |     3 |       ||    29
         Animal skin       |       |    25 |     1 ||    26
  Dodge: Dodged            |    70 |    54 |     5 ||   129

Table legend:
 A = Non-vault XP
 B = Vault XP
 C = Vault XP percentage of total XP
 D = Non-vault monster count
 E = Vault monster count
 F = Vault count percentage of total count
                 A         B        C        D         E       F
            +---------+---------+-------+---------+---------+-------
      Total |     456 |     300 |  39.7 |      70 |      24 |  25.5
            +---------+---------+-------+---------+---------+-------
        D:1 |      45 |      16 |  26.2 |      25 |       9 |  26.5
        D:2 |      26 |      60 |  69.8 |      15 |       9 |  37.5
        D:3 |      98 |      31 |  24.0 |      16 |       3 |  15.8
        D:4 |     214 |      91 |  29.8 |      12 |       1 |   7.7
        D:5 |      73 |     102 |  58.3 |       2 |       2 |  50.0
            +---------+---------+-------+---------+---------+-------
